[Event "Titled Tuesday Blitz March 07 Early 2023"]
[White "De Silva, L M S T"]
[Black "Keymer, Vincent"]
[WhiteFideId "9953698"]
[BlackFideId "12940690"]
[WhiteElo "2403"]
[BlackElo "2651"]
[Result "0-1"]
[Round "07"]
[TimeControl "180+2"]
[Date "2023.03.07"]
[WhiteClock "0:00:01"]
[BlackClock "0:00:03"]

1. e4 c6 2. d4 d5 3. Nc3 dxe4 4. Nxe4 Nf6 5. Nxf6+ exf6 6. c3 Bd6 7. Bd3 O-O 8. Qc2 Re8+ 9. Ne2 h5 10. O-O h4 11. h3 Nd7 12. Bd2 Nf8 13. Rae1 Bd7 14. c4 Rc8 15. b3 Bb8 16. Qc1 Ne6 17. f4 Qc7 18. Qc2 g6 19. Be3 Ng7 20. Nc3 Bf5 21. Bd2 Qd6 22. Be3 Rxe3 23. Rxe3 Qxd4 24. Qf2 Rd8 25. Ne2 Qd7 26. Rd1 Qc8 27. Qe1 Bc7 28. c5 b6 29. b4 a5 30. a3 axb4 31. axb4 bxc5 32. bxc5 Rd5 33. Bxf5 Nxf5 34. Red3 Rxc5 35. Nd4 Bb6 36. Kh2 Rd5 37. Nxf5 Qxf5 38. Rxd5 Qxf4+ 39. Kh1 cxd5 40. Rxd5 Bc7 0-1


[Site "https://www.chess.com"]

[Event "Titled Tuesday Blitz March 07 Early 2023"]
[White "Vokhidov, Shamsiddin"]
[Black "Maze, Sebastien"]
[WhiteFideId "14204223"]
[BlackFideId "613762"]
[WhiteElo "2570"]
[BlackElo "2462"]
[Result "1-0"]
[Round "07"]
[TimeControl "180+2"]
[Date "2023.03.07"]
[WhiteClock "0:00:33"]
[BlackClock "0:00:09"]

1. e4 c5 2. Nc3 Nc6 3. Bb5 Nd4 4. Nf3 e6 5. Bd3 a6 6. Nxd4 cxd4 7. Ne2 d5 8. e5 Qc7 9. f4 Bc5 10. c3 dxc3 11. bxc3 Ne7 12. Bc2 Bd7 13. d4 Bb6 14. a4 Ba5 15. O-O Bxc3 16. Nxc3 Qxc3 17. Ra3 Qc4 18. Rg3 Rc8 19. Bb3 Qb4 20. Bc2 Qc4 21. Bb1 Bxa4 22. Qd2 Bc2 23. Ba3 Nf5 24. Rc1 Qxd4+ 25. Qxd4 Nxd4 26. Kf2 Kd7 27. Rxg7 Bg6 28. Bxg6 Rxc1 29. Rxf7+ Kc6 30. Bxc1 hxg6 31. Rf6 b5 32. Be3 Nf5 33. Rxe6+ Kd7 34. Rxa6 Rc8 35. g4 Rc2+ 36. Kf3 Nxe3 37. Kxe3 Rxh2 38. Rxg6 b4 39. Rb6 b3 40. Kd4 b2 41. Kxd5 Rd2+ 42. Kc4 Rg2 43. g5 Rf2 44. Kd5 Rxf4 45. Rxb2 Rf1 46. Rb7+ Kd8 47. Ke6 1-0


[Site "https://www.chess.com"]

[Event "Titled Tuesday Blitz March 07 Early 2023"]
[White "Rustemov, Alexander"]
[Black "Leiva, Gianmarco"]
[WhiteFideId "4119002"]
[BlackFideId "3804399"]
[WhiteElo "2895"]
[BlackElo "2345"]
[Result "1-0"]
[Round "07"]
[TimeControl "180+2"]
[Date "2023.03.07"]
[WhiteClock "0:00:41"]
[BlackClock "0:00:02"]

1. d4 Nf6 2. c4 e6 3. Nf3 d5 4. Bg5 dxc4 5. Qa4+ Nbd7 6. Qxc4 a6 7. g3 b5 8. Qc6 Rb8 9. Bg2 Bb7 10. Qc2 Be7 11. O-O O-O 12. Nbd2 c5 13. dxc5 Bxc5 14. Nb3 Rc8 15. Nxc5 Rxc5 16. Qb3 Bxf3 17. Bxf6 Qxf6 18. Bxf3 Ne5 19. Qa3 Nxf3+ 20. exf3 Rc2 21. Qxa6 Qxf3 22. Qxb5 h5 23. Qb3 Qxb3 24. axb3 Rxb2 25. Rfb1 Rc2 26. Rc1 Rxc1+ 27. Rxc1 Rb8 28. Rb1 Rb4 29. Kf1 g5 30. Ke2 h4 31. Kd3 hxg3 32. hxg3 Kg7 33. Kc3 Rb6 34. b4 Kf6 35. b5 Kf5 36. Rb4 Ke5 37. Kc4 Kd6 38. Rb2 Rb8 39. Rd2+ Ke5 40. Rb2 Rc8+ 41. Kb4 f5 42. b6 f4 43. g4 Ke4 44. Rb3 f3 45. b7 Rb8 46. Kc5 e5 47. Re3+ Kf4 48. Kc6 Kxg4 49. Rxe5 Kf4 50. Re7 g4 51. Rg7 Ke4 52. Kc7 Rxb7+ 53. Kxb7 Kd3 54. Re7 g3 55. fxg3 f2 56. Rf7 1-0


[Site "https://www.chess.com"]

[Event "Titled Tuesday Blitz March 07 Early 2023"]
[White "Madaminov, Mukhiddin"]
[Black "Sielecki, Christof"]
[WhiteFideId "14210703"]
[BlackFideId "4620437"]
[WhiteElo "2511"]
[BlackElo "2443"]
[Result "1-0"]
[Round "07"]
[TimeControl "180+2"]
[Date "2023.03.07"]
[WhiteClock "0:00:50"]
[BlackClock "0:00:06"]

1. d4 d5 2. Nc3 Nf6 3. Bf4 c5 4. e4 Nxe4 5. Nxe4 dxe4 6. dxc5 Qa5+ 7. c3 Qxc5 8. Qa4+ Nc6 9. Qxe4 g6 10. Nf3 Bg7 11. Qe3 Qxe3+ 12. Bxe3 O-O 13. O-O-O Bf5 14. Bd3 Bxd3 15. Rxd3 Rfd8 16. Rhd1 b6 17. Kc2 Rxd3 18. Rxd3 Rd8 19. a4 Kf8 20. Rxd8+ Nxd8 21. b4 Ke8 22. Nd2 Kd7 23. Kd3 f5 24. g3 e5 25. f3 Nb7 26. Nb3 e4+ 27. fxe4 fxe4+ 28. Kc2 Ke6 29. Nd2 Nd6 30. Bg1 h5 31. c4 Bh6 32. c5 Bxd2 33. Kxd2 Nc4+ 34. Kc3 Kd5 35. c6 Nd6 36. b5 a6 37. Kb4 axb5 38. axb5 Nc8 39. Be3 Ke5 40. h3 Kd5 41. Kb3 Ke6 42. Kc4 Ke5 43. Bf4+ Ke6 44. Kd4 Na7 45. Kc4 Nc8 46. Bb8 Kf5 47. Kd4 Ke6 48. Kxe4 Ke7 49. Ke5 Kf7 50. Kd5 Ke7 51. Bc7 Kf7 52. Bd8 Ke8 53. Bg5 Kf7 54. c7 Na7 55. Be3 Ke7 56. Bxb6 Nxb5 57. c8=Q 1-0


[Site "https://www.chess.com"]

[Event "Titled Tuesday Blitz March 07 Early 2023"]
[White "Czopor, Maciej"]
[Black "Volkov, Sergey"]
[WhiteFideId "21805431"]
[BlackFideId "4122763"]
[WhiteElo "2324"]
[BlackElo "2401"]
[Result "0-1"]
[Round "07"]
[TimeControl "180+2"]
[Date "2023.03.07"]
[WhiteClock "0:01:03"]
[BlackClock "0:02:09"]

1. c4 c6 2. Nc3 d5 3. e3 Nf6 4. Nf3 a6 5. b3 Bf5 6. Bb2 e6 7. Be2 Nbd7 8. Nh4 Bg6 9. O-O Bd6 10. g3 O-O 11. Nxg6 hxg6 12. d4 Qe7 13. cxd5 exd5 14. Kg2 g5 15. Rh1 Qe6 16. h4 g4 17. h5 Bb4 18. Rh4 Bxc3 19. Bxc3 Ne4 20. Bxg4 f5 21. Bb4 c5 22. dxc5 fxg4 23. Qxg4 Rxf2+ 24. Kg1 Qf6 25. Rd1 Ne5 0-1


[Site "https://www.chess.com"]

[Event "Titled Tuesday Blitz March 07 Early 2023"]
[White "Narayanan, Srinath"]
[Black "Petukhov, Dmitry"]
[WhiteFideId "5018420"]
[BlackFideId "4142748"]
[WhiteElo "2438"]
[BlackElo "2311"]
[Result "1/2-1/2"]
[Round "07"]
[TimeControl "180+2"]
[Date "2023.03.07"]
[WhiteClock "0:00:15"]
[BlackClock "0:00:08"]

1. Nf3 Nf6 2. c4 g6 3. b3 Bg7 4. Bb2 O-O 5. g3 d6 6. Bg2 e5 7. O-O Nc6 8. Nc3 Bf5 9. d3 Qd7 10. Nd5 Nxd5 11. cxd5 Ne7 12. e4 Bh3 13. Rc1 Bxg2 14. Kxg2 h6 15. Rc4 f5 16. Qc2 Rac8 17. Rc1 c6 18. dxc6 bxc6 19. Nd2 d5 20. Rc5 fxe4 21. dxe4 Rf7 22. Rf1 Rcf8 23. Ba3 h5 24. Rc3 Bh6 25. Bxe7 Rxe7 26. exd5 cxd5 27. Qxg6+ Bg7 28. Nf3 Re6 29. Qg5 e4 30. Nd4 Re5 31. Qe3 h4 32. Rfc1 hxg3 33. fxg3 Rh5 34. h4 Qg4 35. Rh1 Bxd4 36. Qxd4 Rhf5 37. Rc2 Rf3 38. Qxd5+ R8f7 39. Qg5+ Qxg5 40. hxg5 e3 41. Re1 Rf2+ 42. Rxf2 Rxf2+ 43. Kh3 Rxa2 44. Rxe3 Ra3 45. Kg4 a5 46. Rf3 Kg7 47. Kh5 a4 48. g6 Rxb3 49. Rf7+ Kg8 50. g4 a3 51. Ra7 Rh3+ 52. Kg5 Rb3 53. Kf5 Rf3+ 54. Ke5 Rb3 55. Kf6 Rf3+ 56. Kg5 Rb3 57. Ra4 Rc3 58. Kf5 Rf3+ 59. Ke4 Rg3 60. Kf4 Rb3 61. Kg5 Rc3 62. Ra6 Rb3 63. Ra5 Rc3 64. Kh6 Rh3+ 65. Kg5 Rb3 66. Kf4 Rc3 67. g5 Rb3 68. Kf5 Rf3+ 69. Ke4 Rb3 70. Kd4 Rg3 71. Ke4 Kg7 72. Kf5 Rf3+ 73. Kg4 Rb3 74. Ra6 Rc3 75. Kf4 Rb3 76. Ke4 Rc3 77. Kf5 Rf3+ 78. Ke5 Re3+ 79. Kd4 Rg3 80. Ke4 Rxg5 81. Rxa3 Rxg6 82. Kf5 Rf6+ 83. Ke5 Rg6 84. Rf3 Rg5+ 85. Ke6 Rg4 86. Kf5 Rg6 87. Ke5 Rg5+ 88. Ke6 Rg6+ 89. Ke7 Rg4 90. Re3 Rg5 91. Re6 Rg6 92. Re1 Rg5 93. Ke6 Rg6+ 94. Ke5 Rg5+ 95. Kf4 Rg6 96. Re7+ Kf6 97. Ra7 Rg7 98. Ra6+ Kf7 99. Kf5 Kg8 100. Ra8+ Kh7 101. Kf6 Rb7 102. Ra6 Rc7 103. Re6 Rb7 104. Re2 Rb6+ 105. Kg5 Rb5+ 106. Kg4 Rb4+ 107. Kf5 Rb5+ 108. Kf4 Rb4+ 109. Kg3 Rb3+ 110. Kg2 Rb7 111. Re6 Rg7+ 112. Kh3 Rb7 113. Kg4 Rb4+ 114. Kg5 Rb5+ 115. Kf6 Rb7 116. Rc6 Ra7 117. Rb6 Rc7 118. Kg5 Rc5+ 119. Kf6 Rc7 120. Re6 Ra7 121. Re1 Ra6+ 122. Kf7 Ra7+ 123. Re7 Rxe7+ 124. Kxe7 1/2-1/2


[Site "https://www.chess.com"]

[Event "Titled Tuesday Blitz March 07 Early 2023"]
[White "Corrales Jimenez, Fidel"]
[Black "Walentukiewicz, Michal"]
[WhiteFideId "3506690"]
[BlackFideId "1126903"]
[WhiteElo "2541"]
[BlackElo "2028"]
[Result "1-0"]
[Round "07"]
[TimeControl "180+2"]
[Date "2023.03.07"]
[WhiteClock "0:01:41"]
[BlackClock "0:01:57"]

1. e4 c5 2. Nf3 g6 3. d4 Bg7 4. dxc5 Qa5+ 5. c3 Qxc5 6. Na3 d6 7. Nb5 Qc6 8. Nfd4 Qd7 9. Qa4 Nc6 10. Bc4 Nf6 11. O-O O-O 12. Re1 a6 13. Bb3 e5 14. Nc2 Rb8 15. c4 axb5 16. cxb5 1-0


[Site "https://www.chess.com"]

[Event "Titled Tuesday Blitz March 07 Early 2023"]
[White "Nogerbek, Kazybek"]
[Black "Girsh, Daniel"]
[WhiteFideId "13710427"]
[BlackFideId "30949190"]
[WhiteElo "2501"]
[BlackElo "2075"]
[Result "1-0"]
[Round "07"]
[TimeControl "180+2"]
[Date "2023.03.07"]
[WhiteClock "0:02:05"]
[BlackClock "0:01:29"]

1. c4 e6 2. Nf3 d5 3. g3 Nf6 4. Bg2 Be7 5. O-O O-O 6. b3 c5 7. cxd5 Nxd5 8. Bb2 b6 9. e4 Nf6 10. Bxf6 gxf6 11. d4 Bb7 12. Nc3 cxd4 13. Nxd4 Nd7 14. Qg4+ Kh8 15. Rad1 Ne5 16. Qh5 Qc8 17. Nce2 Ba6 18. Rc1 Qd7 19. Rfd1 Nd3 20. Rc3 Rac8 21. Rcxd3 Bxd3 22. Rxd3 e5 23. Bh3 Qxh3 24. Qxh3 exd4 25. Nxd4 Rfd8 26. Qg4 Rc1+ 27. Kg2 Bc5 28. Nf5 Rg8 29. Rd8 1-0


[Site "https://www.chess.com"]

[Event "Titled Tuesday Blitz March 07 Early 2023"]
[White "Carlsen, Magnus"]
[Black "Skliarov, Viktor"]
[WhiteFideId "1503014"]
[BlackFideId "14106736"]
[WhiteElo "2852"]
[BlackElo "2289"]
[Result "1-0"]
[Round "07"]
[TimeControl "180+2"]
[Date "2023.03.07"]
[WhiteClock "0:01:56"]
[BlackClock "0:00:01"]

1. e4 c5 2. Nf3 Nc6 3. Bc4 g6 4. c3 Bg7 5. d4 cxd4 6. cxd4 d6 7. Qb3 Na5 8. Bb5+ Bd7 9. Qa4 Nc6 10. d5 Qa5+ 11. Nc3 Qxa4 12. Bxa4 Nb4 13. Bxd7+ Kxd7 14. Ke2 Nc2 15. Rb1 Nd4+ 16. Nxd4 Bxd4 17. Be3 Bxe3 18. Kxe3 Nf6 19. f3 Rhc8 20. Rhc1 Rc5 21. b4 Rc4 22. Nb5 Rxc1 23. Rxc1 Ne8 24. g4 a6 25. Nd4 Rc8 26. Rxc8 Kxc8 27. h4 h6 28. f4 Nf6 29. Kf3 h5 30. gxh5 gxh5 31. a4 Kd7 32. a5 Ng4 33. Nf5 Nf6 34. Ng3 e6 35. dxe6+ fxe6 36. e5 dxe5 37. fxe5 Nd5 38. Nxh5 Nxb4 39. Nf6+ Ke7 40. h5 Kf7 41. Ne4 Nc6 42. Kf4 Nxa5 43. Ng5+ Kg7 44. Nxe6+ Kh6 45. Nd4 Kxh5 46. Kf5 Nc4 47. e6 a5 48. e7 Nd6+ 49. Ke6 Ne8 50. Kf7 Nd6+ 51. Kf8 a4 52. Nb5 Nxb5 53. e8=Q+ 1-0


[Site "https://www.chess.com"]

[Event "Titled Tuesday Blitz March 07 Early 2023"]
[White "Lazavik, Denis"]
[Black "Ozer, Omer Faruk"]
[WhiteFideId "13515110"]
[BlackFideId "6354564"]
[WhiteElo "2560"]
[BlackElo "2260"]
[Result "1-0"]
[Round "07"]
[TimeControl "180+2"]
[Date "2023.03.07"]
[WhiteClock "0:00:07"]
[BlackClock "0:00:06"]

1. d4 Nf6 2. c4 c6 3. Nf3 d5 4. Qc2 dxc4 5. Qxc4 Bf5 6. g3 e6 7. Bg2 Nbd7 8. O-O Be7 9. Qb3 Qb6 10. Nbd2 O-O 11. Nc4 Qxb3 12. axb3 Be4 13. Bf4 c5 14. Rfc1 cxd4 15. Nxd4 Bxg2 16. Kxg2 Rfc8 17. Na5 Rxc1 18. Rxc1 e5 19. Bxe5 Nxe5 20. Nxb7 Rb8 21. Na5 Kf8 22. f4 Ned7 23. Nac6 Rc8 24. Kf3 Nb8 25. Rc4 Nxc6 26. Nxc6 Rc7 27. e4 Nd7 28. e5 Nc5 29. Na5 Bd8 30. Rd4 Rd7 31. Rxd7 Nxd7 32. Nc6 Bb6 33. b4 Ke8 34. Ke4 Nf8 35. f5 Kd7 36. Kd5 g6 37. g4 h5 38. h3 h4 39. b5 Nh7 40. e6+ fxe6+ 41. fxe6+ Ke8 42. Ne5 g5 43. Ke4 Ke7 44. Kf5 Nf8 45. Nc6+ Ke8 46. e7 Nd7 47. Kxg5 Bc5 48. Kxh4 Bxe7+ 49. Kh5 Bf6 50. b4 Ne5 51. Nxa7 Bd8 52. Nc6 Nd3 53. g5 Nf4+ 54. Kg4 Ne6 55. h4 Kd7 56. Kf5 Nc7 57. Ne5+ Ke7 58. b6 Nd5 59. Nc6+ Kd7 60. Nxd8 Kxd8 61. Ke6 Nxb6 62. g6 Nd7 63. g7 Nf6 64. Kxf6 Kd7 65. g8=Q 1-0


[Site "https://www.chess.com"]

[Event "Titled Tuesday Blitz March 07 Early 2023"]
[White "Shimanov, Aleksandr"]
[Black "Rastbod, Ali"]
[WhiteFideId "4198603"]
[BlackFideId "12567477"]
[WhiteElo "2631"]
[BlackElo "2211"]
[Result "1-0"]
[Round "07"]
[TimeControl "180+2"]
[Date "2023.03.07"]
[WhiteClock "0:00:07"]
[BlackClock "0:00:03"]

1. d4 Nf6 2. Bg5 d5 3. Nd2 c5 4. dxc5 e6 5. e4 Bxc5 6. e5 h6 7. Bh4 g5 8. Bg3 Nfd7 9. h4 Nc6 10. hxg5 Qxg5 11. Ngf3 Qg7 12. Qe2 b6 13. O-O-O Bb7 14. Nb3 O-O-O 15. Rh4 Be7 16. Ra4 Kb8 17. Kb1 Rc8 18. Qe1 h5 19. a3 Nc5 20. Nxc5 Bxc5 21. Bd3 Ne7 22. Qe2 Bc6 23. Rh4 Ng6 24. Rh2 Rh6 25. Rdh1 Rch8 26. Nh4 Nxh4 27. Bxh4 Rg6 28. Bxg6 Qxg6 29. Bf6 Rh7 30. Rxh5 Rxh5 31. Rxh5 Kb7 32. Rg5 Qh6 33. Rg7 Be8 34. Ka2 a6 35. g4 Qc1 36. Bg5 Qh1 37. Be3 Bb5 38. Rxf7+ Kc6 39. Qd2 d4 40. Bg5 Qd5+ 41. b3 Qxe5 42. Bf4 Qe4 43. Rc7+ Kd5 44. c4+ Bxc4 45. bxc4+ Kxc4 46. Qb2 Qd3 47. Bd6 Kd5 48. Bxc5 bxc5 49. Rb7 c4 50. Rd7+ Ke5 51. f4+ Ke4 52. Qg2+ Kxf4 53. Rf7+ Ke5 54. Qh2+ Kd5 55. Rd7+ Ke4 56. Qg2+ Kf4 57. Qf2+ Ke4 58. Qe1+ Qe3 59. Qxe3+ Kxe3 60. Kb2 e5 61. g5 e4 62. g6 d3 63. g7 d2 64. g8=Q 1-0


[Site "https://www.chess.com"]

[Event "Titled Tuesday Blitz March 07 Early 2023"]
[White "Zhigalko, Sergei"]
[Black "Hamitevici, Vladimir"]
[WhiteFideId "13502956"]
[BlackFideId "13902393"]
[WhiteElo "2626"]
[BlackElo "2401"]
[Result "0-1"]
[Round "07"]
[TimeControl "180+2"]
[Date "2023.03.07"]
[WhiteClock "0:00:07"]
[BlackClock "0:00:11"]

1. e4 e5 2. Nf3 Nc6 3. Bc4 Bc5 4. b4 Bxb4 5. c3 Ba5 6. d4 d6 7. Qb3 Qd7 8. O-O exd4 9. cxd4 Bb6 10. Bb5 a6 11. Ba4 Kf8 12. Qc3 Ba5 13. Qb2 b5 14. Bb3 Bb6 15. Be3 Na5 16. Nc3 Ne7 17. Ng5 Nc4 18. Bxc4 bxc4 19. d5 h6 20. Nf3 Bxe3 21. fxe3 Ng6 22. Qe2 a5 23. a4 Ba6 24. Nd4 Ne5 25. Rf5 g6 26. Rf6 Kg7 27. Raf1 Rhe8 28. h3 Re7 29. Qf2 Rf8 30. Qg3 Kh7 31. Nc6 Bb7 32. Nxe7 Qxe7 33. Nb5 Ba6 34. Nd4 c3 35. Ne6 Rg8 36. R1f2 Bd3 37. R6f4 fxe6 38. dxe6 Rg7 39. Rf6 c2 40. Rxc2 Qxf6 41. Rf2 Qxe6 42. Rf4 Rf7 43. Kh2 Rxf4 44. exf4 Nf7 45. e5 dxe5 46. Qxd3 exf4 47. Qb5 Qd6 48. Qxa5 f3+ 49. Kg1 Qd4+ 50. Kf1 Qd1+ 51. Kf2 Qe2+ 52. Kg3 Qxg2+ 53. Kh4 f2 54. Qd5 Qg5+ 55. Qxg5 hxg5+ 56. Kg3 f1=Q 0-1


[Site "https://www.chess.com"]

[Event "Titled Tuesday Blitz March 07 Early 2023"]
[White "Yuan, Qingyu"]
[Black "Kozak, Antoni"]
[WhiteFideId "8609772"]
[BlackFideId "21832030"]
[WhiteElo "2359"]
[BlackElo "2470"]
[Result "1-0"]
[Round "07"]
[TimeControl "180+2"]
[Date "2023.03.07"]
[WhiteClock "0:00:04"]
[BlackClock "0:00:01"]

1. e4 c6 2. d4 d5 3. exd5 cxd5 4. Bd3 Nc6 5. c3 Nf6 6. h3 g6 7. Nf3 Bf5 8. O-O e6 9. Bf4 Bd6 10. Bxd6 Qxd6 11. Re1 Qc7 12. Qe2 O-O 13. Nbd2 Bxd3 14. Qxd3 Rab8 15. a4 Rfc8 16. Nb3 Ne4 17. Nfd2 Nd6 18. Nc5 Na5 19. Re2 Qc6 20. Nf3 b6 21. Na6 Rb7 22. Ne5 Qe8 23. Rae1 Qxa4 24. Ng4 Qb5 25. Qxb5 Nxb5 26. Ne5 Nd6 27. Nd3 Nc6 28. g3 Nb8 29. Ra1 Nxa6 30. Rxa6 Nb5 31. Re1 Nc7 32. Ra4 a5 33. Rea1 Nb5 34. Kg2 Kf8 35. h4 h5 36. Ne5 Ke7 37. Re1 Nd6 38. Ra2 Nc4 39. Nd3 Kd6 40. Re2 Ke7 41. Re1 Rbc7 42. Nf4 Kd7 43. Re2 Ra7 44. Nd3 Rca8 45. Re1 Nd6 46. Ne5+ Kc7 47. Rea1 a4 48. Ra3 Ra5 49. R3a2 Nc4 50. Nxf7 a3 51. b3 Nd6 52. Ne5 Nb5 53. Nxg6 Kd6 54. Rc1 Rc8 55. c4 Nxd4 56. Rd1 Nxb3 57. cxd5 Rxd5 58. Rxd5+ exd5 59. Rxa3 Na5 60. Nf4 d4 61. Nxh5 Rc3 62. Ra2 Nc4 63. Nf4 b5 64. h5 b4 65. h6 b3 66. Ra6+ Ke5 67. h7 Ne3+ 68. fxe3 Rc8 69. h8=Q+ Rxh8 70. Ng6+ Ke4 71. Nxh8 d3 72. Kf2 d2 73. Ke2 b2 74. Rb6 1-0


[Site "https://www.chess.com"]

[Event "Titled Tuesday Blitz March 07 Early 2023"]
[White "Manelyuk, Daniil"]
[Black "Movahed, Sina"]
[WhiteFideId "44173920"]
[BlackFideId "42520835"]
[WhiteElo "2259"]
[BlackElo "2225"]
[Result "0-1"]
[Round "07"]
[TimeControl "180+2"]
[Date "2023.03.07"]
[WhiteClock "0:00:09"]
[BlackClock "0:00:33"]

1. e4 c5 2. Nf3 d6 3. d4 cxd4 4. Nxd4 Nf6 5. Nc3 a6 6. f3 e5 7. Nb3 Be7 8. Be3 b5 9. Qd2 Be6 10. g4 d5 11. g5 d4 12. gxf6 Bxf6 13. O-O-O Nc6 14. Nc5 dxe3 15. Qxe3 Qe7 16. Nxe6 fxe6 17. Kb1 O-O 18. Ne2 Rad8 19. Bh3 Kh8 20. Qb6 Rd6 21. Rxd6 Qxd6 22. Qxa6 Qc5 23. Nc3 Nd4 24. a3 b4 25. axb4 Qxb4 26. Qa4 Qb6 27. Rd1 Rb8 28. b3 Qc5 29. Rd3 h6 30. Qd7 Qc4 31. Qe8+ Rxe8 32. bxc4 Rc8 33. Nb5 Rc6 34. Nxd4 exd4 35. f4 e5 36. fxe5 Bxe5 37. Bf5 g6 38. Bd7 Rxc4 39. Rb3 Kg7 40. Be6 Rc7 41. h3 Kf6 42. Bd5 Kg5 43. Rb6 Re7 44. Kc1 h5 45. Kd2 Rg7 46. Re6 Kf4 47. Kd3 g5 48. Rh6 h4 49. Rh8 Rc7 50. Rf8+ Kg3 51. Be6 Rc3+ 52. Kd2 Bf4+ 53. Kd1 Re3 54. Bf5 Kf2 55. Rg8 Re1# 0-1


[Site "https://www.chess.com"]

[Event "Titled Tuesday Blitz March 07 Early 2023"]
[White "Hayrapetyan, Hovik"]
[Black "Prokofiev, Valentyn"]
[WhiteFideId "13302639"]
[BlackFideId "14160161"]
[WhiteElo "2348"]
[BlackElo "2260"]
[Result "1-0"]
[Round "07"]
[TimeControl "180+2"]
[Date "2023.03.07"]
[WhiteClock "0:00:05"]
[BlackClock "0:00:03"]

1. d4 Nf6 2. c4 c5 3. d5 g6 4. Nc3 Bg7 5. e4 d6 6. Nf3 O-O 7. h3 e6 8. Bd3 exd5 9. cxd5 b5 10. Bxb5 Nxe4 11. Nxe4 Qa5+ 12. Nfd2 Qxb5 13. Nxd6 Qa6 14. N2c4 Nd7 15. O-O Ne5 16. Nxe5 Bxe5 17. Nxc8 Raxc8 18. Qf3 Rb8 19. Re1 Bxb2 20. Bxb2 Rxb2 21. Qc3 Qb6 22. d6 c4 23. Re3 Rxa2 24. Rxa2 Qb1+ 25. Kh2 Qxa2 26. d7 Qa4 27. Re7 Qc6 28. Qd4 Rd8 29. Qe5 Rf8 30. Qd4 Qc7+ 31. g3 Qd8 32. Qf6 c3 33. Qd6 c2 34. Re1 Qg5 35. f4 Qa5 36. Rc1 Rd8 37. Rxc2 Qb5 38. Rd2 Qb7 39. h4 Qb8 40. Qxb8 Rxb8 41. d8=Q+ Rxd8 42. Rxd8+ Kg7 43. Ra8 1-0


[Site "https://www.chess.com"]

[Event "Titled Tuesday Blitz March 07 Early 2023"]
[White "Santos Ruiz, Miguel"]
[Black "Kvaloy, Aksel Bu"]
[WhiteFideId "22291482"]
[BlackFideId "1528815"]
[WhiteElo "2504"]
[BlackElo "2208"]
[Result "1-0"]
[Round "07"]
[TimeControl "180+2"]
[Date "2023.03.07"]
[WhiteClock "0:00:04"]
[BlackClock "0:00:01"]

1. e4 e5 2. Nf3 Nf6 3. Nxe5 Nc6 4. Nxc6 dxc6 5. d3 Bc5 6. Be2 h5 7. h3 Qd4 8. Rf1 Be6 9. c3 Qd7 10. Nd2 O-O-O 11. Nf3 Bb6 12. Qc2 c5 13. Be3 Qc6 14. Nd2 Rd7 15. f4 g6 16. a4 Ba5 17. Nb3 Bxb3 18. Qxb3 c4 19. Qxc4 Qxc4 20. dxc4 Nxe4 21. b4 Nxc3 22. bxa5 Re8 23. Rf3 Rde7 24. Kf2 Ne4+ 25. Kf1 h4 26. Bd3 Ng3+ 27. Kf2 Rd8 28. Bc2 f5 29. Re1 Re6 30. Bc1 Rc6 31. Rc3 Rd4 32. c5 b6 33. axb6 axb6 34. Be3 Rd8 35. Rb1 bxc5 36. Kf3 c4 37. Bf2 Nh5 38. Rb4 Rd2 39. Rbxc4 Re6 40. Rxc7+ Kd8 41. Bxh4+ Ke8 42. Rc8+ Kd7 43. R3c7+ Kd6 44. Rd8+ Kxc7 45. Rxd2 Rc6 46. Bb3 Rc3+ 47. Kf2 Rxb3 48. Bg5 Ra3 49. Rd4 Kc6 50. g4 Ng3 51. Rb4 Ne4+ 52. Kg2 Kc5 53. Rb5+ Kc6 54. gxf5 gxf5 55. Rxf5 Rxa4 56. Kf3 Kd6 57. h4 Nc5 58. Be7+ Kxe7 59. Rxc5 Kf7 60. Kg4 Ra1 61. h5 Kf6 62. Rc6+ Kf7 63. Kg5 Ra5+ 64. f5 Ra1 65. Rc7+ Kg8 66. h6 Rg1+ 67. Kf6 Kh8 68. Ke6 Re1+ 69. Kf7 Rf1 70. f6 Kh7 71. Ke7 Re1+ 72. Kf8+ Kg6 73. f7 Kxh6 74. Kg8 1-0


[Site "https://www.chess.com"]

[Event "Titled Tuesday Blitz March 07 Early 2023"]
[White "Smirnov, Pavel"]
[Black "Malek, Jan"]
[WhiteFideId "4123425"]
[BlackFideId "21864080"]
[WhiteElo "2519"]
[BlackElo "2255"]
[Result "1-0"]
[Round "07"]
[TimeControl "180+2"]
[Date "2023.03.07"]
[WhiteClock "0:00:06"]
[BlackClock "0:00:02"]

1. d4 g6 2. e4 Bg7 3. Nc3 d6 4. f4 Nd7 5. Nf3 e6 6. Be3 Ne7 7. Bd3 b6 8. O-O Bb7 9. Qe2 d5 10. e5 c5 11. Nb5 Nc8 12. c3 a6 13. Na3 c4 14. Bc2 Ne7 15. Nb1 h5 16. Nbd2 Nf5 17. Bf2 Bh6 18. g3 b5 19. Kg2 Qb6 20. h3 O-O-O 21. g4 hxg4 22. hxg4 Rdg8 23. Rg1 Ne7 24. Bg3 b4 25. Rh1 Nc6 26. Qe3 Bf8 27. Rab1 Qa5 28. Ra1 Be7 29. Ng5 Nd8 30. Ndf3 Nb6 31. Nh7 Nd7 32. g5 Nc6 33. Nf6 Rd8 34. Ng4 Rdf8 35. Rh6 Rxh6 36. gxh6 Rh8 37. Ng5 Nd8 38. a3 bxc3 39. bxc3 Qb6 40. Rb1 Qa5 41. a4 Bc6 42. Rh1 Bxa4 43. Ra1 Nb6 44. Qd2 Qb5 45. Rb1 Qc6 46. Rxb6 Qxb6 47. Bxa4 Rf8 48. h7 Kc7 49. Nf6 Rh8 50. Ne8+ Kb8 51. Nd6 Kc7 52. f5 gxf5 53. Be8 Qa5 54. Ndxf7 Qa1 55. Nxh8 Qb1 56. Ng6 Bxg5 57. Qxg5 Qe4+ 58. Kh2 Qe2+ 59. Bf2 Qxf2+ 60. Qg2 Qe1 61. h8=Q Qxc3 62. Qg7+ Kb6 63. Qd7 Qxd4 64. Qd6+ Ka7 65. Qc7+ Nb7 66. Bc6 1-0


[Site "https://www.chess.com"]

[Event "Titled Tuesday Blitz March 07 Early 2023"]
[White "Tan, Jun Ying"]
[Black "polandchessplayer"]
[WhiteFideId "5710413"]
[WhiteElo "2089"]
[BlackElo "2773"]
[Result "1-0"]
[Round "07"]
[TimeControl "180+2"]
[Date "2023.03.07"]
[WhiteClock "0:00:12"]
[BlackClock "0:00:04"]

1. d4 Nf6 2. c4 e6 3. Nc3 c5 4. d5 exd5 5. cxd5 d6 6. e4 g6 7. h3 Bg7 8. Nf3 O-O 9. Bd3 a6 10. a4 Nbd7 11. O-O Qe7 12. Bf4 Nh5 13. Bh2 Ne5 14. Be2 Nxf3+ 15. Bxf3 Nf6 16. e5 dxe5 17. d6 Qe6 18. Re1 Nd7 19. Bd5 Qe8 20. Ne4 Rb8 21. a5 Kh8 22. Qc2 b6 23. axb6 Rxb6 24. Rad1 Qd8 25. Ba2 Rc6 26. Bd5 Rb6 27. Ba2 Rb5 28. Nc3 Rb8 29. Nd5 Bb7 30. Ne7 Qb6 31. Bc4 Bc8 32. b3 a5 33. h4 Ba6 34. Bxa6 Qxa6 35. h5 Rb6 36. hxg6 fxg6 37. Nxg6+ hxg6 38. Qxg6 Qc8 39. Re4 Qd8 40. Rd3 Nf6 41. Bxe5 Qe8 42. Qg5 Rb7 43. Rh4+ Kg8 44. Rg3 Qe6 45. Qh6 Qxe5 46. Qh8+ Kf7 47. Qxg7+ Ke8 48. Qxb7 Qe1+ 49. Kh2 Qxf2 50. Qe7# 1-0


[Site "https://www.chess.com"]

[Event "Titled Tuesday Blitz March 07 Early 2023"]
[White "Real_OceanStorm"]
[Black "Kim, Sergey"]
[BlackFideId "13700570"]
[WhiteElo "2764"]
[BlackElo "2631"]
[Result "1-0"]
[Round "07"]
[TimeControl "180+2"]
[Date "2023.03.07"]
[WhiteClock "0:00:09"]
[BlackClock "0:00:11"]

1. e4 e5 2. f4 Bc5 3. Nf3 d6 4. Bc4 Nc6 5. c3 Nf6 6. d4 exd4 7. cxd4 Bb6 8. Nc3 O-O 9. e5 Ng4 10. h3 Nh6 11. d5 Ne7 12. g4 dxe5 13. fxe5 Ng6 14. Bg5 Qe8 15. Qe2 f6 16. Bxh6 gxh6 17. e6 Qe7 18. O-O-O Bc5 19. Qe4 a6 20. h4 Bd6 21. Bd3 Ne5 22. Nd4 Nxd3+ 23. Rxd3 Be5 24. Nf5 Qc5 25. e7 Re8 26. Nxh6+ Kg7 27. g5 Rxe7 28. gxf6+ Bxf6 29. Qf4 1-0


[Site "https://www.chess.com"]